 Dungeon Crawl Stone Soup version 0.30-a0-170-g85af917532 (webtiles) character file.

Game seed: 3586595850105821132

110077 qw the Severer (level 16, -8/106 HPs)
             Began as a Gargoyle Fighter on Sept 30, 2022.
             Was a High Priest of Okawaru.
             Mangled by a deep elf knight
             ... wielding a +2 lajatang
              (37 damage)
             ... on level 1 of the Spider Nest.
             The game lasted 00:13:19 (24881 turns).

qw the Severer (Gargoyle Fighter)                  Turns: 24881, Time: 00:13:20

Health: -8/106     AC: 48    Str: 27      XL:     16   Next: 54%
Magic:  23/23      EV: 11    Int:  7      God:    Okawaru [*****.]
Gold:   80         SH: 21    Dex:  7 (9)  Spells: 15/15 levels left

rFire   + + +      SeeInvis .    G - +1 broad axe
rCold   + + .      Faith    .    D - +2 tower shield
rNeg    + . .      Spirit   .    i - +10 scale mail of the Nightingale {rC++}
rPois   inf        Reflect  .    t - +2 helmet
rElec   +          Harm     .    j - +2 cloak {Will+}
rCorr   .          Rampage  .    c - +4 pair of gloves "Ciph" {rF+++ Will- Int-3 Dex+2}
Will    +++..                    f - +2 pair of boots {Stlth+}
Stlth   ++........               a - amulet of regeneration
HPRegen 1.07/turn                u - ring of willpower
MPRegen 0.18/turn                w - ring of willpower

@: heroic, flying
A: sickness immunity, AC +12, big wings, negative energy resistance 1,
electricity resistance, torment resistance 1, petrification resistance, clumsy
1, deterioration 1
a: Renounce Religion, Heroism, Finesse, Duel


You were on level 1 of the Spider Nest.
You worshipped Okawaru.
Okawaru was extremely pleased with you.
You visited 5 branches of the dungeon, and saw 24 of its levels.
You also visited: Sewer.

You collected 2354 gold pieces.
You spent 2274 gold pieces at shops.


Innate Abilities, Weirdness & Mutations

You are immune to sickness and miasma.
Your stone body is resilient. (AC +12)
You are immune to poison.
Your large and strong wings let you fly.
You resist negative energy. (rN+)
You are resistant to electric shocks. (rElec)
You are resistant to unholy torment.
You are immune to petrification.
You are clumsy. (Dex -2)
Your body sometimes deteriorates upon taking damage.


   Skills:
 - Level 14.0(19.0) Fighting
 - Level 16.3(21.3) Axes
 - Level 7.3(12.3) Throwing
 - Level 10.0(15.0) Armour
 - Level 3.0(8.0) Dodging
 + Level 14.8(19.8) Shields
 - Level 10.0 Invocations


You had 15 spell levels left.
You didn't know any spells.
Your spell library was empty.

Inventory:

Hand Weapons
 p - a +0 war axe of flaming
 G - a +1 broad axe (weapon)
Missiles
 h - 21 boomerangs
 C - 4 javelins (quivered)
 E - a silver javelin
Armour
 c - the +4 pair of gloves "Ciph" (worn) {rF+++ Will- Int-3 Dex+2}
   (Okawaru gifted it to you on level 1 of the Orcish Mines)

   Int:       It affects your intelligence (-3).
   Dex:       It affects your dexterity (+2).
   rF:        It renders you almost immune to fire.
   Will:      It decreases your willpower.
 f - a +2 pair of boots of stealth (worn)
 i - the +10 scale mail of the Nightingale (worn) {rC++}
   (You found it in a sewer)

   rC:        It greatly protects you from cold.
 j - a +2 cloak of willpower (worn)
 k - a +3 plate armour of fire resistance
 m - the +0 helmet of Yduq {rC+}
   (Okawaru gifted it to you on level 4 of the Lair of Beasts)

   rC:        It protects you from cold.
 t - a +2 helmet (worn)
 D - a +2 tower shield (worn)
Jewellery
 a - an amulet of regeneration (around neck)
 u - a ring of willpower (left hand)
 w - a ring of willpower (right hand)
 y - a ring of positive energy
 B - the ring "Xityzeys" {Will- rCorr Int+6 Dex+5}
   (You acquired it on level 5 of the Lair of Beasts)

   [ring of intelligence]

   Int:       It affects your intelligence (+6).
   Dex:       It affects your dexterity (+5).
   rCorr:     It protects you from acid and corrosion.
   Will:      It decreases your willpower.
 Y - a ring of resist corrosion
Scrolls
 n - 5 scrolls of identify
 q - 4 scrolls of teleportation
 A - 4 scrolls of enchant armour
Potions
 b - 2 potions of lignification
 d - 4 potions of might
 e - 6 potions of curing
 g - 7 potions of mutation
 l - 4 potions of cancellation
 o - 4 potions of attraction
 r - 2 potions of magic
 s - a potion of resistance
 z - 5 potions of haste

Dungeon Overview and Level Annotations

Branches:
Dungeon (15/15)            Temple (1/1) D:7            Lair (5/5) D:11
 Shoals (0/4) Lair:3       Spider (1/4) Lair:3        Slime (0/5) Lair:5
    Orc (2/2) D:9             Elf (0/3) Orc:2        Vaults (0/5) D:14
 Depths (0/4) D:15          Sewer (visited)

Altars:
Ashenzari
Cheibriados
Dithmenos
Elyvilon
Fedhas
Gozag
Hepliaklqana
Kikubaaqudgha
Makhleb
Nemelex Xobeh
Okawaru
Qazlal
Ru
Sif Muna
Trog
Uskayaw
Vehumet
Wu Jian
Xom
Yredelemnul
Zin
The Shining One
Jiyva
Lugonu

Shops:
D:13 :   D:15 *   Orc:1 :   Orc:2 (!*?[

Portals:
Abyss: Lair:3

Annotations:
D:5 1 runed translucent door, Crazy Yiuf
D:13 1 runed translucent door, Gasan's ghost, journeyman DrFE


Message History

The dire elephant tramples you!
You are shoved backwards!
You slash the dire elephant!
The dire elephant is moderately wounded.
The dire elephant closely misses you. x2
You hit the dire elephant.
The dire elephant is moderately wounded.
You closely miss something. Something hits you but does no damage.
You slice the dire elephant!!
The dire elephant is heavily wounded.
You slash something! Something hits you but does no damage.
You block the dire elephant's attack. x2
Something hits you!
You carve the dire elephant like a ham!!!
The dire elephant is almost dead.
You closely miss something. You block the dire elephant's attack.
The dire elephant closely misses you. Something hits you!!
Your body deteriorates!
You feel clumsy.
The deep elf archer casts a spell.
The deep elf archer blinks!
You slash the dire elephant!
The dire elephant is almost dead.
You hit something but do no damage. Something hits you!
You block the dire elephant's attack.
The dire elephant trunk-slaps you but does no damage.
You slice the dire elephant!!
You kill the dire elephant!
Okawaru accepts your kill.
You barely miss something.
You hit the dire elephant but do no damage.
Something hits you!
Your body deteriorates!
You feel clumsy.
The dire elephant tramples you but does no damage.
You block the dire elephant's attack.
You hit the dire elephant.
The dire elephant is heavily wounded.
You slash something! Something hits you!!!
You die...

### ##?. ##~~.#
##.~~..#### #..~~.....##
#...~......##
..#....#.{Y.#
.......##@..# ...ยค...
##..# ##e.... #...# ####
#..... #...#####
#......##..... #..###..#
.......####..# #...##.##
..#....### #PP.##..##
(........#######...##..>##
.#....#................#.#


You could see a dire elephant.

Vanquished Creatures
  Rupert (D:15)
  Gastronok (Lair:2)
  Frances (D:13)
  An emperor scorpion (Spider:1)
  Louise (D:15)
  An orc warlord (Orc:1)
  A dire elephant (Spider:1)
  A fire dragon (D:13)
  An ettin (Orc:1)
  4 vault guards (D:14)
  5 centaur warriors
  8 two-headed ogres
  4 hydras
  2 death knights
  4 boulder beetles
  2 tengu warriors
  4 death yaks (Lair:2)
  Urug (D:10)
  Sonja (Lair:5)
  2 sun moths (Spider:1)
  2 sixfirhies (D:9)
  Amaemon (D:11)
  4 skeletal warriors
  2 steelbarb worms (Spider:1)
  A pharaoh ant (Spider:1)
  A lindwurm (Lair:3)
  An orb spider (Spider:1)
  A necromancer (D:15)
  4 deep elf pyromancers
  5 orc knights
  A wizard (D:15)
  A wolf spider (Lair:5)
  12 ugly things
  3 oklob plants (Lair:4)
  2 orc sorcerers (D:15)
  3 cyclopes
  A manticore (D:15)
  Maurice (D:8)
  6 elephants (Lair:2)
  15 black mambas
  A rust devil (D:9)
  2 smoke demons (D:9)
  Joseph (D:7)
  2 gargoyles
  A guardian serpent (Lair:5)
  A naga mage (D:15)
  A torpor snail (Spider:1)
  An orange demon (D:11)
  13 cane toads
  3 centaur skeletons (D:15)
  Maggie (D:7)
  A kobold demonologist (D:11)
  A rime drake (Lair:4)
  4 demonic crawlers (Spider:1)
  7 komodo dragons
  An efreet (D:15)
  4 freezing wraiths
  2 polar bears
  A troll (shapeshifter) (D:15)
  7 trolls
  16 slime creatures
  Prince Ribbit (D:5)
  A wolf spider simulacrum (D:15)
  20 blink frogs
  3 hornets (Lair:5)
  3 tarantellas (Spider:1)
  4 jumping spiders (Spider:1)
  A centaur simulacrum (D:15)
  2 culicivoras (Spider:1)
  4 shadows
  10 wyverns
  A ynoxinul (D:9)
  33 yaks
  6 wraiths
  4 death yak simulacra (Lair:4)
  5 basilisks
  A steam dragon (D:9)
  5 vampire mosquitoes (D:12)
  A neqoxec (D:9)
  11 redbacks
  Edmund (D:5)
  A harpy simulacrum (D:15)
  9 wargs
  Menkaure (D:7)
  2 acid dragons
  A hell hound (Spider:1)
  23 water moccasins
  2 ice beasts
  48 orc warriors
  A sky beast (D:6)
  A black bear (D:6)
  21 wolves
  5 ogres
  A tengu (shapeshifter) (D:13)
  27 centaurs
  A phantom (D:5)
  3 kobold brigands (D:7)
  15 bullfrogs
  2 necrophages
  2 scorpions
  8 wights
  4 killer bees
  6 howler monkeys
  3 electric eels (Lair:5)
  2 quasits (D:9)
  4 hounds
  23 orc priests
  2 gnoll boudas
  18 jellies
  2 iguanas
  29 orc wizards
  2 polar bear simulacra (Lair:4)
  A boggart simulacrum (D:15)
  3 gnolls (D:8)
  15 adders
  3 shadow imps (D:7)
  A white imp (D:8)
  3 worms
  4 dart slugs
  110 orcs
  16 endoplasms
  15 giant cockroaches
  6 goblins
  6 hobgoblins
  2 jackals (D:1)
  23 kobolds
  8 quokkas
  16 ball pythons
  8 bats
  10 frilled lizards
  7 rats
  A lurking horror (Lair:3)
828 creatures vanquished.

Vanquished Creatures (others)
  6 demonic plants (D:9)
  17 fungi
  56 plants
79 creatures vanquished.

Grand Total: 907 creatures vanquished

Notes
Turn   | Place    | Note
-------+----------+-------------------------------------------
     0 | D:1      | qw the Gargoyle Fighter began the quest for the Orb.
     0 | D:1      | Reached XP level 1. HP: 14/14 MP: 1/1
     0 | D:1      | 0 ||| qw: Version: 0.2-a-12-gaebbb33
     0 | D:1      | 0 ||| qw: Game counter: 1448
     0 | D:1      | 0 ||| qw: Always use a shield: true
     0 | D:1      | 0 ||| qw: God list: Okawaru
     0 | D:1      | 0 ||| qw: Allow faded altars: false
     0 | D:1      | 0 ||| qw: Do Orc after D:15 true
     0 | D:1      | 0 ||| qw: Do second Lair branch before Depths: true
     0 | D:1      | 0 ||| qw: Lair rune preference: random
     0 | D:1      | 0 ||| qw: Plans: Normal, Zot:1-4, God:TSO, Crypt, Tomb,
                  | Pan, Slime:5, Hells, Abyss, Orb
     0 | D:1      | 0 ||| PLANNING D:1-11
   109 | D:1      | Reached skill level 2 in Axes
   461 | D:1      | Reached XP level 2. HP: 19/19 MP: 2/2
   462 | D:1      | 462 ||| Stepping ~*~*~tactically~*~*~ (stealth).
   463 | D:1      | 463 ||| Stepping ~*~*~tactically~*~*~ (stealth).
   905 | D:1      | 905 ||| Stepping ~*~*~tactically~*~*~ (stealth).
   911 | D:1      | Reached skill level 3 in Axes
   921 | D:1      | Reached XP level 3. HP: 17/23 MP: 3/3
  1083 | D:1      | 1083 ||| READING scroll labelled MENNES SIEGIBU.
  1084 | D:1      | 1084 ||| READING scroll labelled HORITZ PAPT.
  1088 | D:1      | 1088 ||| READING scroll labelled FITORI UX BYQ.
  1189 | D:1      | 1189 ||| READING scroll labelled JUOQ QOAQICS.
  1294 | D:2      | 1294 ||| Stepping ~*~*~tactically~*~*~ (stealth).
  1308 | D:2      | 1308 ||| Stepping ~*~*~tactically~*~*~ (stealth).
  1378 | D:2      | 1378 ||| Stepping ~*~*~tactically~*~*~ (stealth).
  1642 | D:2      | 1642 ||| DROPPING +0 mace.
  1683 | D:2      | Reached XP level 4. HP: 25/28 MP: 4/4
  1721 | D:2      | Found a faded altar of an unknown god.
  1750 | D:2      | 1750 ||| Stepping ~*~*~tactically~*~*~ (stealth).
  1751 | D:2      | 1751 ||| Stepping ~*~*~tactically~*~*~ (stealth).
  1785 | D:2      | 1785 ||| Stepping ~*~*~tactically~*~*~ (stealth).
  1786 | D:2      | 1786 ||| Stepping ~*~*~tactically~*~*~ (stealth).
  1787 | D:2      | 1787 ||| Stepping ~*~*~tactically~*~*~ (stealth).
  2052 | D:2      | Reached skill level 4 in Axes
  2358 | D:2      | 2358 ||| UPGRADING to +2 pair of gloves.
  2363 | D:2      | 2363 ||| READING 2 scrolls labelled JOMEWKUPOW.
  2364 | D:2      | 2364 ||| READING 2 scrolls labelled EDEFUSHRUER.
  2365 | D:2      | 2365 ||| READING scroll labelled VASUOF IWNED.
  2366 | D:2      | 2366 ||| READING scroll labelled TOILALA ICZIUGHICU.
  2421 | D:2      | 2421 ||| READING scroll labelled IGENUSHR XUSU.
  2421 | D:2      | Identified a scroll of acquirement
  2421 | D:2      | 2421 ||| ACQUIRING +0 cloak of willpower
  2421 | D:2      | Acquired a +0 cloak of willpower
  2423 | D:2      | 2423 ||| UPGRADING to +0 cloak of willpower.
  2428 | D:2      | 2428 ||| READING scroll labelled XEKIYKKEENK.
  2429 | D:2      | 2429 ||| DROPPING scroll of fear.
  2430 | D:2      | 2430 ||| DROPPING scroll of magic mapping.
  2472 | D:3      | 2472 ||| PLANNING SEWER
  2599 | D:3      | Found a glowing drain.
  2600 | D:3      | 2600 ||| READING scroll labelled RAQUAB ENEROL.
  2601 | D:3      | 2601 ||| DRINKING 2 orange potions.
  2603 | D:3      | 2603 ||| FLEEEEING.
  2604 | D:3      | 2604 ||| FLEEEEING.
  2605 | D:3      | 2605 ||| FLEEEEING.
  2606 | D:3      | 2606 ||| STAIRDANCE
  2610 | D:3      | 2610 ||| STAIRDANCE
  2614 | D:3      | 2614 ||| STAIRDANCE
  2623 | D:3      | 2623 ||| STAIRDANCE
  2629 | D:3      | 2629 ||| STAIRDANCE
  2633 | D:3      | 2633 ||| STAIRDANCE
  2637 | D:3      | 2637 ||| STAIRDANCE
  2641 | D:3      | 2641 ||| STAIRDANCE
  2645 | D:3      | 2645 ||| STAIRDANCE
  2650 | D:3      | 2650 ||| STAIRDANCE
  2656 | D:3      | 2656 ||| STAIRDANCE
  2660 | D:3      | 2660 ||| STAIRDANCE
  2664 | D:3      | 2664 ||| STAIRDANCE
  2668 | D:3      | 2668 ||| STAIRDANCE
  2719 | Sewer    | Entered a sewer
  2886 | Sewer    | 2886 ||| Stepping ~*~*~tactically~*~*~ (water).
  2889 | Sewer    | 2889 ||| Stepping ~*~*~tactically~*~*~ (stealth).
  2897 | Sewer    | Reached XP level 5. HP: 32/32 MP: 5/5
  2907 | Sewer    | 2907 ||| Stepping ~*~*~tactically~*~*~ (water).
  3049 | Sewer    | 3049 ||| Stepping ~*~*~tactically~*~*~ (water).
  3186 | Sewer    | 3186 ||| Stepping ~*~*~tactically~*~*~ (water).
  3382 | Sewer    | Reached skill level 5 in Axes
  3387 | Sewer    | 3387 ||| Stepping ~*~*~tactically~*~*~ (water).
  3472 | Sewer    | 3472 ||| Stepping ~*~*~tactically~*~*~ (stealth).
  3660 | Sewer    | Reached XP level 6. HP: 24/39 MP: 6/6
  3779 | Sewer    | Identified the +10 scale mail of the Nightingale {rC++}
  3799 | Sewer    | Reached skill level 1 in Dodging
  3918 | Sewer    | 3918 ||| UPGRADING to +10 scale mail of the Nightingale
                  | {rC++}.
  3928 | Sewer    | 3928 ||| DROPPING +0 scale mail.
  3929 | Sewer    | 3929 ||| READING scroll labelled KUCZUL DAMU.
  3944 | D:3      | 3944 ||| PLANNING D:1-11
  3966 | D:3      | 3966 ||| Stepping ~*~*~tactically~*~*~ (stealth).
  4501 | D:3      | 4501 ||| UPGRADING to ring of resist corrosion.
  4502 | D:3      | 4502 ||| READING scroll labelled VEITSU MUAKA.
  4503 | D:3      | 4503 ||| READING scroll labelled MAD CETHRINTOTY.
  4504 | D:3      | 4504 ||| READING scroll labelled USHRIC RONUIFO.
  4530 | D:4      | 4530 ||| Stepping ~*~*~tactically~*~*~ (stealth).
  4533 | D:4      | 4533 ||| Stepping ~*~*~tactically~*~*~ (hiding).
  4534 | D:4      | 4534 ||| Stepping ~*~*~tactically~*~*~ (hiding).
  4652 | D:4      | 4652 ||| Stepping ~*~*~tactically~*~*~ (stealth).
  4655 | D:4      | 4655 ||| Stepping ~*~*~tactically~*~*~ (stealth).
  4696 | D:4      | 4696 ||| Stepping ~*~*~tactically~*~*~ (stealth).
  4965 | D:4      | 4965 ||| Stepping ~*~*~tactically~*~*~ (hiding).
  5033 | D:4      | 5033 ||| Stepping ~*~*~tactically~*~*~ (stealth).
  5076 | D:4      | 5076 ||| Stepping ~*~*~tactically~*~*~ (hiding).
  5078 | D:4      | 5078 ||| Stepping ~*~*~tactically~*~*~ (hiding).
  5079 | D:4      | 5079 ||| Stepping ~*~*~tactically~*~*~ (hiding).
  5100 | D:4      | Reached XP level 7. HP: 42/44 MP: 7/7
  5154 | D:4      | You fall into a shaft and drop 1 floor!
  5154 | D:5      | Entered Level 5 of the Dungeon
  5261 | D:4      | 5261 ||| Stepping ~*~*~tactically~*~*~ (stealth).
  5263 | D:4      | 5263 ||| Stepping ~*~*~tactically~*~*~ (hiding).
  5281 | D:4      | Reached skill level 6 in Axes
  5284 | D:4      | 5284 ||| DROPPING +0 flail.
  5443 | D:4      | 5443 ||| READING scroll of brand weapon.
  5443 | D:4      | 5443 ||| BRANDING +0 war axe of freezing.
  5550 | D:5      | Found a runed translucent door.
  5551 | D:5      | Noticed Crazy Yiuf
  5602 | D:5      | Noticed Prince Ribbit
  5603 | D:5      | 5603 ||| Stepping ~*~*~tactically~*~*~ (stealth).
  5611 | D:5      | 5611 ||| Stepping ~*~*~tactically~*~*~ (hiding).
  5619 | D:5      | HP: 9/44 [Prince Ribbit (6)]
  5620 | D:5      | 5620 ||| READING 2 scrolls of teleportation.
  6011 | D:5      | Reached skill level 7 in Axes
  6124 | D:5      | HP: 8/44 [Prince Ribbit (9)]
  6128 | D:5      | 6128 ||| READING scroll of teleportation.
  6437 | D:5      | Killed Prince Ribbit
  6438 | D:5      | Reached XP level 8. HP: 25/49 MP: 8/8
  6619 | D:5      | Noticed Edmund
  6627 | D:5      | Killed Edmund
  6628 | D:5      | Reached skill level 8 in Axes
  6832 | D:5      | 6832 ||| DRINKING 2 fizzy cyan potions.
  6833 | D:5      | 6833 ||| DRINKING 2 puce potions.
  6834 | D:5      | 6834 ||| READING 4 scrolls of identify.
  6834 | D:5      | 6834 ||| IDENTIFYING green potion
  6835 | D:5      | 6835 ||| READING 3 scrolls of identify.
  6835 | D:5      | 6835 ||| IDENTIFYING smoky coppery potion
  6836 | D:5      | 6836 ||| READING 2 scrolls of identify.
  6836 | D:5      | 6836 ||| IDENTIFYING bubbling brown potion
  6837 | D:5      | 6837 ||| DROPPING potion of brilliance.
  6838 | D:5      | 6838 ||| DROPPING potion of degeneration.
  6966 | D:6      | Reached skill level 6 in Fighting
  6997 | D:6      | 6997 ||| Stepping ~*~*~tactically~*~*~ (stealth).
  7052 | D:6      | Found a blossoming altar of Fedhas.
  7052 | D:6      | Found a shadowy altar of Dithmenos.
  7053 | D:6      | 7053 ||| Stepping ~*~*~tactically~*~*~ (stealth).
  7056 | D:6      | 7056 ||| Stepping ~*~*~tactically~*~*~ (stealth).
  7076 | D:6      | Found a shimmering blue altar of Sif Muna.
  7079 | D:6      | Found a broken altar of Ashenzari.
  7081 | D:6      | Found a hide-covered altar of Uskayaw.
  7086 | D:6      | Found a hazy altar of Hepliaklqana.
  7317 | D:6      | Reached skill level 9 in Axes
  7323 | D:6      | Noticed a two-headed ogre
  7335 | D:6      | 7335 ||| Stepping ~*~*~tactically~*~*~ (hiding).
  7336 | D:6      | 7336 ||| Stepping ~*~*~tactically~*~*~ (hiding).
  7343 | D:6      | Reached XP level 9. HP: 30/55 MP: 9/9
  7343 | D:6      | Killed a two-headed ogre
  7344 | D:6      | Reached skill level 6 in Shields
  7396 | D:6      | 7396 ||| FLEEEEING.
  7491 | D:6      | 7491 ||| READING 2 scrolls labelled UWOSKA LUTEDU.
  7498 | D:6      | 7498 ||| DROPPING scroll of vulnerability.
  7499 | D:6      | 7499 ||| Stepping randomly (stuck).
  7500 | D:6      | 7500 ||| Stepping ~*~*~tactically~*~*~ (stealth).
  7503 | D:6      | 7503 ||| Stepping randomly (stuck).
  7504 | D:6      | 7504 ||| Stepping randomly (stuck).
  7507 | D:6      | 7507 ||| Stepping randomly (stuck).
  7508 | D:6      | 7508 ||| Stepping randomly (stuck).
  7509 | D:6      | 7509 ||| Stepping randomly (stuck).
  7510 | D:6      | 7510 ||| Stepping randomly (stuck).
  7512 | D:6      | 7512 ||| Stepping randomly (stuck).
  7513 | D:6      | 7513 ||| Stepping randomly (stuck).
  7515 | D:6      | 7515 ||| Stepping randomly (stuck).
  7517 | D:6      | 7517 ||| Stepping randomly (stuck).
  7519 | D:6      | 7519 ||| Stepping randomly (stuck).
  7521 | D:6      | 7521 ||| Stepping randomly (stuck).
  7523 | D:6      | 7523 ||| Stepping randomly (stuck).
  7524 | D:6      | 7524 ||| Stepping randomly (stuck).
  7525 | D:6      | 7525 ||| Stepping randomly (stuck).
  7526 | D:6      | 7526 ||| Stepping randomly (stuck).
  7527 | D:6      | 7527 ||| Stepping randomly (stuck).
  7529 | D:6      | 7529 ||| Stepping randomly (stuck).
  7531 | D:6      | 7531 ||| Stepping randomly (stuck).
  7532 | D:6      | 7532 ||| Stepping randomly (stuck).
  7533 | D:6      | 7533 ||| Stepping randomly (stuck).
  7534 | D:6      | 7534 ||| Stepping randomly (stuck).
  7535 | D:6      | 7535 ||| Stepping randomly (stuck).
  7536 | D:6      | 7536 ||| Stepping randomly (stuck).
  7537 | D:6      | 7537 ||| Stepping randomly (stuck).
  7539 | D:6      | 7539 ||| Stepping randomly (stuck).
  7540 | D:6      | 7540 ||| Stepping randomly (stuck).
  7542 | D:6      | 7542 ||| Stepping randomly (stuck).
  7544 | D:6      | 7544 ||| Stepping randomly (stuck).
  7546 | D:6      | 7546 ||| Stepping randomly (stuck).
  7548 | D:6      | 7548 ||| Stepping randomly (stuck).
  7550 | D:6      | 7550 ||| Stepping randomly (stuck).
  7552 | D:6      | 7552 ||| Stepping randomly (stuck).
  7554 | D:6      | 7554 ||| Stepping randomly (stuck).
  7555 | D:6      | 7555 ||| Stepping randomly (stuck).
  7556 | D:6      | 7556 ||| Stepping randomly (stuck).
  7557 | D:6      | 7557 ||| Stepping randomly (stuck).
  7558 | D:6      | 7558 ||| Stepping randomly (stuck).
  7559 | D:6      | 7559 ||| Stepping randomly (stuck).
  7560 | D:6      | 7560 ||| Stepping randomly (stuck).
  7561 | D:6      | 7561 ||| Stepping randomly (stuck).
  7562 | D:6      | 7562 ||| Stepping randomly (stuck).
  7563 | D:6      | 7563 ||| Stepping randomly (stuck).
  7565 | D:6      | 7565 ||| Stepping randomly (stuck).
  7566 | D:6      | 7566 ||| Stepping randomly (stuck).
  7567 | D:6      | 7567 ||| Stepping randomly (stuck).
  7568 | D:6      | 7568 ||| Stepping randomly (stuck).
  7569 | D:6      | 7569 ||| Stepping randomly (stuck).
  7570 | D:6      | 7570 ||| Stepping randomly (stuck).
  7571 | D:6      | 7571 ||| Stepping randomly (stuck).
  7572 | D:6      | 7572 ||| Stepping randomly (stuck).
  7573 | D:6      | 7573 ||| Stepping randomly (stuck).
  7575 | D:6      | 7575 ||| Stepping randomly (stuck).
  7577 | D:6      | 7577 ||| Stepping randomly (stuck).
  7578 | D:6      | 7578 ||| Stepping randomly (stuck).
  7579 | D:6      | 7579 ||| Stepping randomly (stuck).
  7580 | D:6      | 7580 ||| Stepping randomly (stuck).
  7581 | D:6      | 7581 ||| Stepping randomly (stuck).
  7595 | D:6      | 7595 ||| Stepping randomly (stuck).
  7596 | D:6      | 7596 ||| Stepping randomly (stuck).
  7597 | D:6      | 7597 ||| Stepping randomly (stuck).
  7598 | D:6      | 7598 ||| Stepping randomly (stuck).
  7599 | D:6      | 7599 ||| Stepping randomly (stuck).
  7600 | D:6      | 7600 ||| Stepping randomly (stuck).
  7755 | D:6      | 7755 ||| DROPPING +0 chain mail of positive energy.
  7756 | D:6      | 7756 ||| READING 2 scrolls of identify.
  7756 | D:6      | 7756 ||| IDENTIFYING lumpy grey potion
  7757 | D:6      | 7757 ||| DROPPING potion of berserk rage.
  7776 | D:7      | 7776 ||| STAIRDANCE
  7882 | D:7      | 7882 ||| Stepping ~*~*~tactically~*~*~ (stealth).
  7884 | D:7      | 7884 ||| Stepping ~*~*~tactically~*~*~ (stealth).
  7887 | D:7      | 7887 ||| Stepping ~*~*~tactically~*~*~ (stealth).
  7889 | D:7      | 7889 ||| Stepping ~*~*~tactically~*~*~ (stealth).
  7890 | D:7      | 7890 ||| Stepping ~*~*~tactically~*~*~ (stealth).
  7891 | D:7      | 7891 ||| Stepping ~*~*~tactically~*~*~ (stealth).
  7892 | D:7      | 7892 ||| Stepping ~*~*~tactically~*~*~ (stealth).
  7893 | D:7      | 7893 ||| Stepping ~*~*~tactically~*~*~ (stealth).
  7894 | D:7      | 7894 ||| Stepping ~*~*~tactically~*~*~ (stealth).
  7907 | D:7      | 7907 ||| Stepping ~*~*~tactically~*~*~ (stealth).
  8026 | D:7      | Found a staircase to the Ecumenical Temple.
  8027 | D:7      | 8027 ||| PLANNING TEMPLE
  8030 | D:7      | 8030 ||| DROPPING +1 cloak.
  8031 | D:7      | 8031 ||| DROPPING scarf of harm.
  8032 | D:7      | 8032 ||| DROPPING +1 pair of gloves.
  8033 | D:7      | 8033 ||| READING 2 scrolls of identify.
  8033 | D:7      | 8033 ||| IDENTIFYING golden potion
  8034 | D:7      | 8034 ||| DROPPING potion of flight.
  8043 | Temple   | Entered the Ecumenical Temple
  8043 | Temple   | Found a transporter.
  8043 | Temple   | Found a transporter.
  8045 | Temple   | Found a transporter.
  8045 | Temple   | Found a transporter.
  8055 | Temple   | 8055 ||| PLANNING D:1-11
  8116 | Temple   | 8116 ||| PLANNING OKAWARU WORSHIP
  8120 | Temple   | Became a worshipper of Warmaster Okawaru
  8121 | Temple   | 8121 ||| PLANNING D:1-11
  8268 | D:7      | 8268 ||| Stepping ~*~*~tactically~*~*~ (stealth).
  8269 | D:7      | 8269 ||| Stepping ~*~*~tactically~*~*~ (stealth).
  8300 | D:7      | Noticed Menkaure
  8301 | D:7      | 8301 ||| FLEEEEING.
  8303 | D:7      | 8303 ||| FLEEEEING.
  8304 | D:7      | 8304 ||| FLEEEEING.
  8305 | D:7      | 8305 ||| FLEEEEING.
  8306 | D:7      | 8306 ||| STAIRDANCE
  8349 | D:7      | 8349 ||| STAIRDANCE
  8354 | D:7      | 8354 ||| STAIRDANCE
  8371 | D:7      | Killed Menkaure
  8386 | D:7      | Reached skill level 10 in Axes
  8386 | D:7      | Reached XP level 10. HP: 46/63 MP: 10/10
  8491 | D:7      | 8491 ||| SWAPPING to +3 war axe.
  8492 | D:7      | 8492 ||| DROPPING +0 war axe of chaos.
  8587 | D:7      | 8587 ||| Stepping ~*~*~tactically~*~*~ (stealth).
  8668 | D:7      | Noticed Maggie
  8669 | D:7      | 8669 ||| Stepping ~*~*~tactically~*~*~ (hiding).
  8670 | D:7      | 8670 ||| Stepping ~*~*~tactically~*~*~ (hiding).
  8682 | D:7      | Killed Maggie
  8685 | D:7      | 8685 ||| DROPPING +0 morningstar of venom.
  8698 | D:7      | 8698 ||| Stepping ~*~*~tactically~*~*~ (hiding).
  8746 | D:7      | 8746 ||| Stepping ~*~*~tactically~*~*~ (stealth).
  8850 | D:7      | Noticed Joseph
  8870 | D:7      | Killed Joseph
  8870 | D:7      | Reached * piety under Okawaru
  9076 | D:7      | 9076 ||| Stepping ~*~*~tactically~*~*~ (stealth).
  9100 | D:8      | 9100 ||| INVOKING Heroism.
  9102 | D:8      | 9102 ||| STAIRDANCE
  9121 | D:8      | Reached skill level 1 in Invocations
  9157 | D:8      | 9157 ||| Stepping ~*~*~tactically~*~*~ (stealth).
  9164 | D:8      | 9164 ||| INVOKING Heroism.
  9166 | D:8      | 9166 ||| Stepping ~*~*~tactically~*~*~ (hiding).
  9190 | D:8      | 9190 ||| Stepping ~*~*~tactically~*~*~ (stealth).
  9192 | D:8      | 9192 ||| INVOKING Heroism.
  9321 | D:8      | 9321 ||| Stepping ~*~*~tactically~*~*~ (stealth).
  9323 | D:8      | 9323 ||| Stepping ~*~*~tactically~*~*~ (hiding).
  9326 | D:8      | 9326 ||| INVOKING Heroism.
  9330 | D:8      | 9330 ||| Stepping ~*~*~tactically~*~*~ (hiding).
  9570 | D:8      | Noticed Maurice
  9606 | D:8      | Killed Maurice
  9606 | D:8      | Reached ** piety under Okawaru
  9607 | D:8      | Reached skill level 3 in Invocations
  9724 | D:8      | 9724 ||| Stepping ~*~*~tactically~*~*~ (stealth).
  9726 | D:8      | 9726 ||| Stepping ~*~*~tactically~*~*~ (stealth).
  9728 | D:8      | 9728 ||| INVOKING Heroism.
 10018 | D:8      | 10018 ||| READING scroll labelled LIZEGU UZUREUMP.
 10019 | D:8      | 10019 ||| READING 3 scrolls of enchant armour.
 10019 | D:8      | 10019 ||| ENCHANTING +0 cloak of willpower.
 10020 | D:8      | 10020 ||| READING 2 scrolls of enchant armour.
 10020 | D:8      | 10020 ||| ENCHANTING +1 cloak of willpower.
 10021 | D:8      | 10021 ||| DROPPING +2 cloak.
 10074 | D:9      | 10074 ||| INVOKING Heroism.
 10093 | D:9      | Found a staircase to the Orcish Mines.
 10098 | D:9      | 10098 ||| INVOKING Heroism.
 10125 | D:9      | 10125 ||| Stepping ~*~*~tactically~*~*~ (stealth).
 10130 | D:9      | 10130 ||| Stepping ~*~*~tactically~*~*~ (stealth).
 10143 | D:9      | Noticed a sixfirhy
 10146 | D:9      | Noticed a smoke demon
 10150 | D:9      | 10150 ||| INVOKING Heroism.
 10152 | D:9      | Gained mutation: Your body sometimes deteriorates upon
                  | taking damage. [a neqoxec]
 10157 | D:9      | Killed a smoke demon
 10162 | D:9      | Gained mutation: You are clumsy. (Dex -2) [a neqoxec]
 10165 | D:9      | Reached skill level 11 in Axes
 10171 | D:9      | HP: 12/65 [sixfirhy (7)]
 10172 | D:9      | 10172 ||| READING scroll of teleportation.
 10173 | D:9      | Killed a sixfirhy
 10174 | D:9      | Reached skill level 9 in Fighting
 10174 | D:9      | Reached XP level 11. HP: 10/71 MP: 12/14
 10430 | D:9      | 10430 ||| INVOKING Heroism.
 10433 | D:9      | Identified the +11 rapier "Gibef" {antimagic, rC+}
 10488 | D:9      | Found a snail-covered altar of Cheibriados.
 10494 | D:9      | Found a shimmering altar of Xom.
 10494 | D:9      | Found an ornate altar of the Wu Jian Council.
 10497 | D:9      | Found a stormy altar of Qazlal.
 10499 | D:9      | Found a sparkling altar of Nemelex Xobeh.
 10504 | D:9      | 10504 ||| Stepping ~*~*~tactically~*~*~ (stealth).
 10506 | D:9      | 10506 ||| INVOKING Heroism.
 10530 | D:9      | 10530 ||| Stepping ~*~*~tactically~*~*~ (stealth).
 10546 | D:9      | 10546 ||| INVOKING Heroism.
 10866 | D:9      | 10866 ||| Stepping ~*~*~tactically~*~*~ (hiding).
 10868 | D:9      | 10868 ||| INVOKING Heroism.
 10948 | D:9      | Noticed a sixfirhy
 10949 | D:9      | 10949 ||| Stepping ~*~*~tactically~*~*~ (stealth).
 10970 | D:9      | 10970 ||| INVOKING Heroism.
 10973 | D:9      | Killed a sixfirhy
 10973 | D:9      | Reached *** piety under Okawaru
 11013 | D:9      | 11013 ||| FLEEEEING.
 11022 | D:9      | 11022 ||| STAIRDANCE
 11178 | D:8      | 11178 ||| UPGRADING to amulet of regeneration.
 11183 | D:8      | 11183 ||| DRINKING 2 fizzy silvery potions.
 11237 | D:8      | 11237 ||| READING 4 scrolls of identify.
 11237 | D:8      | 11237 ||| IDENTIFYING bubbling inky potion
 11254 | D:9      | 11254 ||| INVOKING Heroism.
 11255 | D:9      | 11255 ||| Stepping ~*~*~tactically~*~*~ (stealth).
 11256 | D:9      | 11256 ||| Stepping ~*~*~tactically~*~*~ (stealth).
 11259 | D:9      | 11259 ||| Stepping ~*~*~tactically~*~*~ (stealth).
 11272 | D:9      | Reached skill level 12 in Axes
 11280 | D:9      | Reached **** piety under Okawaru
 11425 | D:10     | Entered Level 10 of the Dungeon
 11428 | D:10     | 11428 ||| INVOKING Heroism.
 11435 | D:10     | Noticed a two-headed ogre
 11447 | D:10     | Killed a two-headed ogre
 11454 | D:10     | 11454 ||| INVOKING Heroism.
 11462 | D:10     | Received a gift from Okawaru
 11689 | D:10     | 11689 ||| INVOKING Heroism.
 11690 | D:10     | Noticed Urug
 11704 | D:10     | Killed Urug
 11705 | D:10     | Reached skill level 3 in Throwing
 11983 | D:10     | 11983 ||| UPGRADING to +0 helmet.
 11988 | D:10     | 11988 ||| READING 2 scrolls of enchant armour.
 11988 | D:10     | 11988 ||| ENCHANTING +0 helmet.
 11989 | D:10     | 11989 ||| READING scroll of enchant armour.
 11989 | D:10     | 11989 ||| ENCHANTING +1 helmet.
 11990 | D:10     | 11990 ||| DROPPING amulet of the acrobat.
 12034 | D:11     | 12034 ||| INVOKING Heroism.
 12099 | D:11     | Reached skill level 6 in Invocations
 12217 | D:11     | 12217 ||| INVOKING Heroism.
 12224 | D:11     | Noticed a soul eater
 12270 | D:11     | Noticed a cyclops
 12271 | D:11     | 12271 ||| INVOKING Heroism.
 12276 | D:11     | Killed a cyclops
 12277 | D:11     | Reached skill level 6 in Armour
 12313 | D:11     | Found a staircase to the Lair.
 12510 | D:11     | Noticed Amaemon
 12511 | D:11     | 12511 ||| Stepping ~*~*~tactically~*~*~ (hiding).
 12516 | D:11     | 12516 ||| INVOKING Heroism.
 12521 | D:11     | Received a gift from Okawaru
 12522 | D:11     | Reached XP level 12. HP: 77/77 MP: 13/17
 12526 | D:11     | Killed Amaemon
 12526 | D:11     | Reached ***** piety under Okawaru
 12634 | D:11     | 12634 ||| FLEEEEING.
 12635 | D:11     | 12635 ||| FLEEEEING.
 12636 | D:11     | 12636 ||| FLEEEEING.
 12637 | D:11     | 12637 ||| FLEEEEING.
 12638 | D:11     | 12638 ||| FLEEEEING.
 12639 | D:11     | 12639 ||| INVOKING Heroism.
 12844 | D:11     | 12844 ||| PLANNING LAIR
 12844 | D:11     | 12844 ||| READING 4 scrolls of identify.
 12844 | D:11     | 12844 ||| IDENTIFYING lumpy brown potion
 12868 | Lair:1   | Entered Level 1 of the Lair of Beasts
 12887 | Lair:1   | 12887 ||| Stepping ~*~*~tactically~*~*~ (stealth).
 12892 | Lair:1   | 12892 ||| INVOKING Heroism.
 12908 | Lair:1   | Identified the +2 hand axe of Triumph {antimagic, Contam
                  | Fly Str+2 Dex+6} (Okawaru gifted it to you on level 1 of
                  | the Lair of Beasts)
 12908 | Lair:1   | Received a gift from Okawaru
 12953 | Lair:1   | 12953 ||| READING scroll of enchant weapon.
 12953 | Lair:1   | 12953 ||| ENCHANTING +4 war axe.
 13177 | Lair:1   | 13177 ||| INVOKING Heroism.
 13193 | Lair:1   | Reached skill level 13 in Axes
 13255 | Lair:1   | 13255 ||| INVOKING Heroism.
 13265 | Lair:1   | Reached skill level 9 in Invocations
 13316 | Lair:1   | 13316 ||| INVOKING Heroism.
 13421 | Lair:1   | Found a hide-covered altar of Uskayaw.
 13523 | Lair:1   | 13523 ||| Stepping ~*~*~tactically~*~*~ (stealth).
 13535 | Lair:1   | 13535 ||| INVOKING Heroism.
 13898 | Lair:2   | 13898 ||| Stepping ~*~*~tactically~*~*~ (stealth).
 13920 | Lair:2   | Found the +8 whip "Snakebite" {venom, curare, rPois}
 14000 | Lair:2   | 14000 ||| INVOKING Heroism.
 14017 | Lair:2   | Received a gift from Okawaru
 14034 | Lair:2   | Received a gift from Okawaru
 14062 | Lair:2   | Reached XP level 13. HP: 82/82 MP: 20/20
 14080 | Lair:2   | 14080 ||| READING scroll of enchant weapon.
 14080 | Lair:2   | 14080 ||| ENCHANTING +5 war axe.
 14098 | Lair:2   | 14098 ||| Stepping ~*~*~tactically~*~*~ (stealth).
 14099 | Lair:2   | 14099 ||| INVOKING Heroism.
 14111 | Lair:2   | Received a gift from Okawaru
 14181 | Lair:2   | 14181 ||| Stepping ~*~*~tactically~*~*~ (stealth).
 14182 | Lair:2   | 14182 ||| INVOKING Heroism.
 14183 | Lair:2   | 14183 ||| Stepping ~*~*~tactically~*~*~ (stealth).
 14186 | Lair:2   | 14186 ||| INVOKING Finesse.
 14187 | Lair:2   | 14187 ||| SWAPPING to +0 war axe of flaming.
 14191 | Lair:2   | 14191 ||| SWAPPING to +6 war axe.
 14196 | Lair:2   | 14196 ||| SWAPPING to +0 war axe of flaming.
 14200 | Lair:2   | Reached skill level 14 in Axes
 14200 | Lair:2   | 14200 ||| SWAPPING to +6 war axe.
 14209 | Lair:2   | 14209 ||| Stepping ~*~*~tactically~*~*~ (stealth).
 14210 | Lair:2   | 14210 ||| Stepping ~*~*~tactically~*~*~ (stealth).
 14254 | Lair:2   | 14254 ||| Stepping ~*~*~tactically~*~*~ (stealth).
 14307 | Lair:2   | Noticed Gastronok
 14308 | Lair:2   | 14308 ||| Stepping ~*~*~tactically~*~*~ (stealth).
 14312 | Lair:2   | 14312 ||| INVOKING Heroism.
 14315 | Lair:2   | 14315 ||| Stepping ~*~*~tactically~*~*~ (hiding).
 14331 | Lair:2   | Killed Gastronok
 14331 | Lair:2   | Received a gift from Okawaru
 14509 | Lair:2   | 14509 ||| Stepping ~*~*~tactically~*~*~ (stealth).
 14510 | Lair:2   | 14510 ||| INVOKING Heroism.
 14549 | Lair:2   | 14549 ||| Stepping ~*~*~tactically~*~*~ (stealth).
 14551 | Lair:2   | 14551 ||| INVOKING Heroism.
 14583 | Lair:2   | 14583 ||| Stepping ~*~*~tactically~*~*~ (stealth).
 14586 | Lair:2   | 14586 ||| INVOKING Finesse.
 14612 | Lair:2   | 14612 ||| Stepping ~*~*~tactically~*~*~ (stealth).
 14843 | Lair:2   | 14843 ||| DROPPING +1 cloak.
 14844 | Lair:2   | 14844 ||| READING 4 scrolls of identify.
 14844 | Lair:2   | 14844 ||| IDENTIFYING fuming silvery potion
 14877 | Lair:3   | 14877 ||| INVOKING Heroism.
 14911 | Lair:3   | 14911 ||| FLEEEEING.
 14912 | Lair:3   | 14912 ||| FLEEEEING.
 14913 | Lair:3   | 14913 ||| FLEEEEING.
 14914 | Lair:3   | 14914 ||| FLEEEEING.
 14915 | Lair:3   | 14915 ||| STAIRDANCE
 14917 | Lair:2   | 14917 ||| INVOKING Heroism.
 14935 | Lair:3   | 14935 ||| STAIRDANCE
 14939 | Lair:3   | 14939 ||| STAIRDANCE
 14945 | Lair:3   | 14945 ||| STAIRDANCE
 14955 | Lair:2   | Received a gift from Okawaru
 14967 | Lair:3   | 14967 ||| INVOKING Heroism.
 14981 | Lair:3   | Found a hole to the Spider Nest.
 14996 | Lair:3   | 14996 ||| Stepping ~*~*~tactically~*~*~ (stealth).
 14998 | Lair:3   | 14998 ||| Stepping ~*~*~tactically~*~*~ (stealth).
 15010 | Lair:3   | Found a staircase to the Shoals.
 15034 | Lair:3   | 15034 ||| INVOKING Heroism.
 15229 | Lair:3   | 15229 ||| INVOKING Heroism.
 15238 | Lair:3   | 15238 ||| FLEEEEING.
 15239 | Lair:3   | 15239 ||| FLEEEEING.
 15450 | Lair:3   | Found a corrupted altar of Lugonu.
 15477 | Lair:3   | Found a one-way gate to the infinite horrors of the Abyss.
 15747 | Lair:3   | 15747 ||| DROPPING amulet of faith.
 15748 | Lair:3   | 15748 ||| UPGRADING to ring of willpower.
 15749 | Lair:3   | 15749 ||| READING 6 scrolls of identify.
 15749 | Lair:3   | 15749 ||| IDENTIFYING dark potion
 15822 | Lair:4   | 15822 ||| INVOKING Heroism.
 15823 | Lair:4   | 15823 ||| INVOKING Finesse.
 15847 | Lair:4   | Reached skill level 6 in Throwing
 15930 | Lair:4   | 15930 ||| Stepping ~*~*~tactically~*~*~ (stealth).
 15937 | Lair:4   | 15937 ||| INVOKING Heroism.
 15957 | Lair:4   | 15957 ||| Stepping ~*~*~tactically~*~*~ (stealth).
 15963 | Lair:4   | 15963 ||| Stepping ~*~*~tactically~*~*~ (stealth).
 15965 | Lair:4   | 15965 ||| Stepping ~*~*~tactically~*~*~ (stealth).
 15967 | Lair:4   | 15967 ||| Stepping ~*~*~tactically~*~*~ (stealth).
 16006 | Lair:4   | 16006 ||| INVOKING Heroism.
 16010 | Lair:4   | 16010 ||| Stepping ~*~*~tactically~*~*~ (stealth).
 16017 | Lair:4   | Identified the +0 helmet of Yduq {rC+} (Okawaru gifted it
                  | to you on level 4 of the Lair of Beasts)
 16017 | Lair:4   | Received a gift from Okawaru
 16112 | Lair:4   | Reached skill level 15 in Axes
 16113 | Lair:4   | Found a frozen archway.
 16115 | Lair:4   | 16115 ||| Stepping ~*~*~tactically~*~*~ (stealth).
 16116 | Lair:4   | 16116 ||| Stepping ~*~*~tactically~*~*~ (stealth).
 16120 | Lair:4   | 16120 ||| Stepping ~*~*~tactically~*~*~ (stealth).
 16334 | Lair:4   | 16334 ||| INVOKING Heroism.
 16494 | Lair:4   | 16494 ||| INVOKING Heroism.
 16495 | Lair:4   | 16495 ||| SWAPPING to +0 war axe of flaming.
 16509 | Lair:4   | 16509 ||| SWAPPING to +6 war axe.
 16891 | Lair:5   | Entered Level 5 of the Lair of Beasts
 16892 | Lair:5   | 16892 ||| INVOKING Heroism.
 16894 | Lair:5   | 16894 ||| STAIRDANCE
 16912 | Lair:5   | Gained mutation: Your large and strong wings let you fly.
                  | [Gargoyle growth]
 16912 | Lair:5   | Reached XP level 14. HP: 87/91 MP: 21/21
 16984 | Lair:5   | 16984 ||| Stepping ~*~*~tactically~*~*~ (stealth).
 16987 | Lair:5   | Reached skill level 12 in Fighting
 17010 | Lair:5   | 17010 ||| Stepping ~*~*~tactically~*~*~ (stealth).
 17012 | Lair:5   | 17012 ||| Stepping ~*~*~tactically~*~*~ (stealth).
 17021 | Lair:5   | 17021 ||| Stepping ~*~*~tactically~*~*~ (stealth).
 17061 | Lair:5   | 17061 ||| Stepping ~*~*~tactically~*~*~ (stealth).
 17092 | Lair:5   | 17092 ||| Stepping ~*~*~tactically~*~*~ (stealth).
 17095 | Lair:5   | 17095 ||| Stepping ~*~*~tactically~*~*~ (stealth).
 17097 | Lair:5   | 17097 ||| Stepping ~*~*~tactically~*~*~ (stealth).
 17122 | Lair:5   | 17122 ||| READING scroll of enchant weapon.
 17122 | Lair:5   | 17122 ||| ENCHANTING +6 war axe.
 17143 | Lair:5   | 17143 ||| Stepping ~*~*~tactically~*~*~ (stealth).
 17144 | Lair:5   | 17144 ||| INVOKING Heroism.
 17177 | Lair:5   | 17177 ||| READING 2 scrolls of enchant weapon.
 17177 | Lair:5   | 17177 ||| ENCHANTING +7 war axe.
 17178 | Lair:5   | 17178 ||| READING scroll of enchant weapon.
 17178 | Lair:5   | 17178 ||| ENCHANTING +8 war axe.
 17400 | Lair:5   | 17400 ||| Stepping ~*~*~tactically~*~*~ (stealth).
 17405 | Lair:5   | 17405 ||| Stepping ~*~*~tactically~*~*~ (stealth).
 17406 | Lair:5   | 17406 ||| Stepping ~*~*~tactically~*~*~ (stealth).
 17484 | Lair:5   | 17484 ||| Stepping ~*~*~tactically~*~*~ (stealth).
 17558 | Lair:5   | 17558 ||| Stepping ~*~*~tactically~*~*~ (stealth).
 17559 | Lair:5   | 17559 ||| Stepping ~*~*~tactically~*~*~ (stealth).
 17563 | Lair:5   | 17563 ||| INVOKING Heroism.
 17604 | Lair:5   | 17604 ||| Stepping ~*~*~tactically~*~*~ (stealth).
 17610 | Lair:5   | 17610 ||| Stepping ~*~*~tactically~*~*~ (stealth).
 17625 | Lair:5   | 17625 ||| Stepping ~*~*~tactically~*~*~ (stealth).
 17750 | Lair:5   | 17750 ||| Stepping ~*~*~tactically~*~*~ (stealth).
 17864 | Lair:5   | Found a staircase to the Slime Pits.
 17864 | Lair:5   | Found a viscous altar of Jiyva.
 17871 | Lair:5   | 17871 ||| Stepping ~*~*~tactically~*~*~ (stealth).
 17874 | Lair:5   | 17874 ||| INVOKING Heroism.
 17891 | Lair:5   | 17891 ||| Stepping ~*~*~tactically~*~*~ (stealth).
 17892 | Lair:5   | 17892 ||| Stepping ~*~*~tactically~*~*~ (stealth).
 17893 | Lair:5   | 17893 ||| Stepping ~*~*~tactically~*~*~ (stealth).
 18106 | Lair:5   | Reached skill level 16 in Axes
 18135 | Lair:5   | 18135 ||| READING scroll of acquirement.
 18135 | Lair:5   | 18135 ||| ACQUIRING ring "Xityzeys" {Will- rCorr Int+6
                  | Dex+5}
 18135 | Lair:5   | Acquired the ring "Xityzeys" {Will- rCorr Int+6 Dex+5}
 18299 | Lair:5   | 18299 ||| INVOKING Heroism.
 18340 | Lair:5   | Noticed Sonja
 18341 | Lair:5   | 18341 ||| INVOKING Finesse.
 18348 | Lair:5   | Killed Sonja
 18443 | Lair:5   | 18443 ||| PLANNING D
 18563 | D:12     | 18563 ||| STAIRDANCE
 18568 | D:12     | 18568 ||| STAIRDANCE
 18613 | D:12     | 18613 ||| Stepping ~*~*~tactically~*~*~ (stealth).
 18619 | D:12     | 18619 ||| INVOKING Heroism.
 18624 | D:12     | 18624 ||| READING 7 scrolls of teleportation.
 18655 | D:12     | 18655 ||| Stepping ~*~*~tactically~*~*~ (stealth).
 18656 | D:12     | 18656 ||| Stepping ~*~*~tactically~*~*~ (stealth).
 18658 | D:12     | 18658 ||| Stepping ~*~*~tactically~*~*~ (stealth).
 18661 | D:12     | 18661 ||| Stepping ~*~*~tactically~*~*~ (stealth).
 18666 | D:12     | 18666 ||| Stepping ~*~*~tactically~*~*~ (stealth).
 18678 | D:12     | 18678 ||| READING 6 scrolls of teleportation.
 18753 | D:12     | 18753 ||| Stepping ~*~*~tactically~*~*~ (stealth).
 18754 | D:12     | 18754 ||| Stepping ~*~*~tactically~*~*~ (stealth).
 18756 | D:12     | 18756 ||| Stepping ~*~*~tactically~*~*~ (stealth).
 18758 | D:12     | 18758 ||| Stepping ~*~*~tactically~*~*~ (stealth).
 18800 | D:12     | 18800 ||| INVOKING Heroism.
 18925 | D:12     | Reached skill level 3 in Dodging
 18986 | D:12     | 18986 ||| Stepping ~*~*~tactically~*~*~ (stealth).
 18987 | D:12     | 18987 ||| Stepping ~*~*~tactically~*~*~ (stealth).
 18991 | D:12     | 18991 ||| Stepping ~*~*~tactically~*~*~ (stealth).
 18993 | D:12     | 18993 ||| Stepping ~*~*~tactically~*~*~ (stealth).
 18994 | D:12     | 18994 ||| Stepping ~*~*~tactically~*~*~ (stealth).
 18995 | D:12     | 18995 ||| Stepping ~*~*~tactically~*~*~ (stealth).
 18996 | D:12     | 18996 ||| Stepping ~*~*~tactically~*~*~ (stealth).
 19002 | D:12     | Received a gift from Okawaru
 19337 | D:12     | 19337 ||| READING 6 scrolls of identify.
 19337 | D:12     | 19337 ||| IDENTIFYING inky potion
 19338 | D:12     | 19338 ||| DROPPING potion of ambrosia.
 19396 | D:13     | Found a runed translucent door.
 19416 | D:13     | Noticed Gasan's ghost (journeyman DrFE)
 19443 | D:13     | 19443 ||| INVOKING Heroism.
 19444 | D:13     | 19444 ||| INVOKING Finesse.
 19447 | D:13     | 19447 ||| Stepping ~*~*~tactically~*~*~ (hiding).
 19448 | D:13     | 19448 ||| Stepping ~*~*~tactically~*~*~ (hiding).
 19469 | D:13     | Identified the +1 pair of boots of Altruism {rPois}
                  | (Okawaru gifted it to you on level 13 of the Dungeon)
 19469 | D:13     | Received a gift from Okawaru
 19513 | D:13     | 19513 ||| INVOKING Heroism.
 19514 | D:13     | 19514 ||| INVOKING Finesse.
 19562 | D:13     | 19562 ||| INVOKING Heroism.
 19563 | D:13     | 19563 ||| INVOKING Finesse.
 19568 | D:13     | Noticed Frances
 19569 | D:13     | 19569 ||| SWAPPING to +0 war axe of flaming.
 19572 | D:13     | 19572 ||| SWAPPING to +9 war axe.
 19583 | D:13     | Killed Frances
 19592 | D:13     | 19592 ||| Stepping ~*~*~tactically~*~*~ (stealth).
 19609 | D:13     | Reached skill level 9 in Armour
 19626 | D:13     | Found Firerphy's Self-Improvement Boutique.
 19639 | D:13     | 19639 ||| INVOKING Heroism.
 19640 | D:13     | 19640 ||| INVOKING Finesse.
 19657 | D:13     | Reached XP level 15. HP: 58/98 MP: 15/22
 19765 | D:13     | 19765 ||| Stepping ~*~*~tactically~*~*~ (hiding).
 19766 | D:13     | 19766 ||| Stepping ~*~*~tactically~*~*~ (hiding).
 19767 | D:13     | 19767 ||| Stepping ~*~*~tactically~*~*~ (hiding).
 19768 | D:13     | 19768 ||| Stepping ~*~*~tactically~*~*~ (hiding).
 20048 | D:13     | 20048 ||| UPGRADING to +1 pair of boots of Altruism
                  | {rPois}.
 20053 | D:13     | 20053 ||| UPGRADING to ring of willpower.
 20106 | D:14     | 20106 ||| STAIRDANCE
 20221 | D:14     | 20221 ||| STAIRDANCE
 20318 | D:14     | 20318 ||| STAIRDANCE
 20347 | D:13     | Reached skill level 9 in Shields
 20435 | D:14     | 20435 ||| STAIRDANCE
 20555 | D:14     | 20555 ||| STAIRDANCE
 20671 | D:14     | 20671 ||| STAIRDANCE
 20766 | D:14     | 20766 ||| STAIRDANCE
 21015 | D:14     | Found a gate to the Vaults.
 21016 | D:14     | 21016 ||| INVOKING Heroism.
 21056 | D:14     | Received a gift from Okawaru
 21081 | D:14     | HP: 24/100 [skeletal warrior/+0 war axe (3)]
 21082 | D:14     | 21082 ||| READING 6 scrolls of teleportation.
 21082 | D:14     | HP: 10/100 [death knight/+4 glaive (15)]
 21083 | D:14     | 21083 ||| DRINKING 3 potions of heal wounds.
 21084 | D:14     | Received a gift from Okawaru
 21087 | D:14     | HP: 13/100 [death knight/+4 glaive (17)]
 21088 | D:14     | 21088 ||| READING 5 scrolls of teleportation.
 21088 | D:14     | HP: 6/100 [death knight/+4 glaive (8)]
 21089 | D:14     | 21089 ||| DRINKING 2 potions of heal wounds.
 21212 | D:14     | 21212 ||| Stepping ~*~*~tactically~*~*~ (hiding).
 21243 | D:14     | 21243 ||| Stepping ~*~*~tactically~*~*~ (hiding).
 21260 | D:14     | 21260 ||| INVOKING Heroism.
 21271 | D:14     | 21271 ||| Stepping ~*~*~tactically~*~*~ (stealth).
 21273 | D:14     | 21273 ||| SWAPPING to +0 broad axe.
 21314 | D:14     | 21314 ||| DROPPING +9 war axe.
 21344 | D:14     | 21344 ||| Stepping ~*~*~tactically~*~*~ (stealth).
 21345 | D:14     | 21345 ||| Stepping ~*~*~tactically~*~*~ (stealth).
 21346 | D:14     | 21346 ||| Stepping ~*~*~tactically~*~*~ (stealth).
 21348 | D:14     | 21348 ||| INVOKING Heroism.
 21386 | D:14     | 21386 ||| Stepping ~*~*~tactically~*~*~ (stealth).
 21389 | D:14     | 21389 ||| Stepping ~*~*~tactically~*~*~ (hiding).
 21398 | D:14     | 21398 ||| INVOKING Heroism.
 21731 | D:14     | 21731 ||| DROPPING +1 pair of boots of flying.
 21732 | D:14     | 21732 ||| UPGRADING to +0 tower shield.
 21742 | D:14     | 21742 ||| DROPPING +0 buckler.
 21761 | D:15     | Entered Level 15 of the Dungeon
 21765 | D:15     | Noticed Rupert
 21766 | D:15     | 21766 ||| INVOKING Heroism.
 21767 | D:15     | 21767 ||| INVOKING Finesse.
 21768 | D:15     | 21768 ||| Stepping ~*~*~tactically~*~*~ (hiding).
 21787 | D:15     | Killed Rupert
 21898 | D:15     | 21898 ||| Stepping ~*~*~tactically~*~*~ (hiding).
 21900 | D:15     | 21900 ||| INVOKING Heroism.
 21906 | D:15     | 21906 ||| Stepping ~*~*~tactically~*~*~ (hiding).
 21912 | D:15     | 21912 ||| Stepping ~*~*~tactically~*~*~ (hiding).
 21967 | D:15     | 21967 ||| Stepping ~*~*~tactically~*~*~ (hiding).
 21987 | D:15     | 21987 ||| Stepping ~*~*~tactically~*~*~ (stealth).
 21989 | D:15     | 21989 ||| Stepping ~*~*~tactically~*~*~ (hiding).
 22069 | D:15     | Found Upokhokh's Assorted Antiques.
 22077 | D:15     | 22077 ||| BUYING pair of glowing boots (240 gold).
 22077 | D:15     | Bought a pair of glowing boots for 240 gold pieces
 22077 | D:15     | 22077 ||| BUYING potion of cancellation (256 gold).
 22077 | D:15     | Bought a potion of cancellation for 256 gold pieces
 22077 | D:15     | 22077 ||| BUYING scroll of enchant armour (240 gold).
 22077 | D:15     | Bought a scroll of enchant armour for 240 gold pieces
 22126 | D:15     | 22126 ||| INVOKING Heroism.
 22128 | D:15     | Noticed Louise
 22129 | D:15     | 22129 ||| INVOKING Finesse.
 22161 | D:15     | Killed Louise
 22171 | D:15     | 22171 ||| Stepping ~*~*~tactically~*~*~ (hiding).
 22182 | D:15     | 22182 ||| Stepping ~*~*~tactically~*~*~ (stealth).
 22243 | D:15     | Found a staircase to the Depths.
 22334 | D:15     | 22334 ||| INVOKING Heroism.
 22399 | D:15     | 22399 ||| Stepping ~*~*~tactically~*~*~ (hiding).
 22734 | D:15     | 22734 ||| FLEEEEING.
 22735 | D:15     | 22735 ||| FLEEEEING.
 22736 | D:15     | 22736 ||| FLEEEEING.
 22842 | D:15     | 22842 ||| PLANNING ORC
 22842 | D:15     | 22842 ||| DROPPING +1 pair of boots.
 22843 | D:15     | 22843 ||| UPGRADING to +2 tower shield.
 22853 | D:15     | 22853 ||| DROPPING +0 tower shield.
 22951 | Orc:1    | Entered Level 1 of the Orcish Mines
 23052 | Orc:1    | 23052 ||| Stepping ~*~*~tactically~*~*~ (stealth).
 23057 | Orc:1    | 23057 ||| Stepping ~*~*~tactically~*~*~ (hiding).
 23060 | Orc:1    | 23060 ||| INVOKING Heroism.
 23099 | Orc:1    | 23099 ||| Stepping ~*~*~tactically~*~*~ (stealth).
 23100 | Orc:1    | 23100 ||| Stepping ~*~*~tactically~*~*~ (stealth).
 23102 | Orc:1    | 23102 ||| Stepping ~*~*~tactically~*~*~ (stealth).
 23107 | Orc:1    | 23107 ||| Stepping ~*~*~tactically~*~*~ (hiding).
 23111 | Orc:1    | 23111 ||| Stepping ~*~*~tactically~*~*~ (hiding).
 23119 | Orc:1    | 23119 ||| Stepping ~*~*~tactically~*~*~ (stealth).
 23154 | Orc:1    | Noticed an orc warlord
 23155 | Orc:1    | 23155 ||| Stepping ~*~*~tactically~*~*~ (hiding).
 23156 | Orc:1    | 23156 ||| Stepping ~*~*~tactically~*~*~ (stealth).
 23158 | Orc:1    | 23158 ||| INVOKING Heroism.
 23159 | Orc:1    | 23159 ||| INVOKING Finesse.
 23166 | Orc:1    | Reached XP level 16. HP: 106/106 MP: 15/23
 23186 | Orc:1    | Reached skill level 12 in Shields
 23239 | Orc:1    | 23239 ||| Stepping ~*~*~tactically~*~*~ (stealth).
 23257 | Orc:1    | 23257 ||| Stepping ~*~*~tactically~*~*~ (stealth).
 23300 | Orc:1    | 23300 ||| INVOKING Heroism.
 23301 | Orc:1    | 23301 ||| INVOKING Finesse.
 23313 | Orc:1    | Identified the +4 pair of gloves "Ciph" {rF+++ Will- Int-3
                  | Dex+2} (Okawaru gifted it to you on level 1 of the Orcish
                  | Mines)
 23313 | Orc:1    | Received a gift from Okawaru
 23456 | Orc:1    | Found Zuiz's Book Shoppe.
 23527 | Orc:1    | 23527 ||| Stepping ~*~*~tactically~*~*~ (stealth).
 23532 | Orc:1    | 23532 ||| INVOKING Heroism.
 23566 | Orc:1    | 23566 ||| INVOKING Heroism.
 23673 | Orc:1    | 23673 ||| UPGRADING to +4 pair of gloves "Ciph" {rF+++
                  | Will- Int-3 Dex+2}.
 23683 | Orc:1    | 23683 ||| DROPPING +2 pair of gloves.
 23697 | Orc:2    | Entered Level 2 of the Orcish Mines
 23698 | Orc:2    | 23698 ||| INVOKING Heroism.
 23699 | Orc:2    | 23699 ||| STAIRDANCE
 23713 | Orc:2    | Found a staircase to the Elven Halls.
 23745 | Orc:2    | 23745 ||| Stepping ~*~*~tactically~*~*~ (hiding).
 23748 | Orc:2    | 23748 ||| INVOKING Heroism.
 23782 | Orc:2    | HP: 26/106 [orc warrior/+0 scimitar (15)]
 23783 | Orc:2    | 23783 ||| READING 4 scrolls of teleportation.
 23784 | Orc:2    | 23784 ||| DRINKING potion of heal wounds.
 23849 | Orc:2    | 23849 ||| INVOKING Heroism.
 23878 | Orc:2    | 23878 ||| Stepping ~*~*~tactically~*~*~ (stealth).
 23879 | Orc:2    | 23879 ||| Stepping ~*~*~tactically~*~*~ (hiding).
 23883 | Orc:2    | 23883 ||| Stepping ~*~*~tactically~*~*~ (hiding).
 23898 | Orc:2    | 23898 ||| INVOKING Heroism.
 23945 | Orc:2    | 23945 ||| INVOKING Heroism.
 23947 | Orc:2    | Found Itilo's Armour Shoppe.
 23965 | Orc:2    | 23965 ||| INVOKING Heroism.
 24024 | Orc:2    | 24024 ||| BUYING +2 pair of boots of stealth (344 gold).
 24024 | Orc:2    | Bought a +2 pair of boots of stealth for 344 gold pieces
 24129 | Orc:2    | 24129 ||| Stepping ~*~*~tactically~*~*~ (stealth).
 24130 | Orc:2    | 24130 ||| Stepping ~*~*~tactically~*~*~ (stealth).
 24195 | Orc:2    | 24195 ||| Stepping ~*~*~tactically~*~*~ (stealth).
 24196 | Orc:2    | 24196 ||| Stepping ~*~*~tactically~*~*~ (hiding).
 24197 | Orc:2    | 24197 ||| INVOKING Heroism.
 24282 | Orc:2    | Found a shimmering blue altar of Sif Muna.
 24400 | Orc:2    | Found Qotit's Assorted Antiques.
 24400 | Orc:2    | Found Qeoshit's Distillery.
 24400 | Orc:2    | Found Funi's Antique Weapon Shop.
 24404 | Orc:2    | Found Fazodu Hixe's Magic Scroll Shoppe.
 24408 | Orc:2    | 24408 ||| BUYING embroidered cloak (187 gold).
 24408 | Orc:2    | Bought an embroidered cloak for 187 gold pieces
 24408 | Orc:2    | 24408 ||| BUYING scroll of enchant armour (187 gold).
 24408 | Orc:2    | Bought a scroll of enchant armour for 187 gold pieces
 24408 | Orc:2    | 24408 ||| BUYING scroll of enchant weapon (187 gold).
 24408 | Orc:2    | Bought a scroll of enchant weapon for 187 gold pieces
 24408 | Orc:2    | 24408 ||| BUYING scroll of teleportation (75 gold).
 24408 | Orc:2    | Bought a scroll of teleportation for 75 gold pieces
 24408 | Orc:2    | 24408 ||| READING scroll of enchant weapon.
 24408 | Orc:2    | 24408 ||| ENCHANTING +0 broad axe.
 24410 | Orc:2    | 24410 ||| BUYING 2 potions of haste (360 gold).
 24410 | Orc:2    | Bought 2 potions of haste for 360 gold pieces
 24410 | Orc:2    | 24410 ||| BUYING potion of cancellation (144 gold).
 24410 | Orc:2    | Bought a potion of cancellation for 144 gold pieces
 24410 | Orc:2    | 24410 ||| BUYING potion of curing (54 gold).
 24410 | Orc:2    | Bought a potion of curing for 54 gold pieces
 24410 | Orc:2    | 24410 ||| SHOPLISTING potion of curing (54 gold, have 23).
 24410 | Orc:2    | 24410 ||| SHOPLISTING potion of lignification (54 gold,
                  | have 23).
 24410 | Orc:2    | 24410 ||| SHOPLISTING potion of might (72 gold, have 23).
 24410 | Orc:2    | 24410 ||| SHOPLISTING potion of mutation (144 gold, have
                  | 23).
 24410 | Orc:2    | 24410 ||| SHOPLISTING potion of resistance (180 gold, have
                  | 23).
 24417 | Orc:2    | 24417 ||| SHOPLISTING scroll of teleportation (42 gold,
                  | have 23).
 24480 | Orc:2    | 24480 ||| PLANNING SPIDER:1-3
 24480 | Orc:2    | 24480 ||| UPGRADING to +2 pair of boots of stealth.
 24490 | Orc:2    | 24490 ||| DROPPING +2 cloak.
 24491 | Orc:2    | 24491 ||| DROPPING +1 pair of boots of Altruism {rPois}.
 24627 | Spider:1 | Entered Level 1 of the Spider Nest
 24629 | Spider:1 | 24629 ||| INVOKING Heroism.
 24642 | Spider:1 | 24642 ||| INVOKING Finesse.
 24722 | Spider:1 | 24722 ||| INVOKING Heroism.
 24729 | Spider:1 | 24729 ||| INVOKING Finesse.
 24859 | Spider:1 | 24859 ||| Stepping ~*~*~tactically~*~*~ (stealth).
 24865 | Spider:1 | 24865 ||| INVOKING Heroism.
 24870 | Spider:1 | 24870 ||| Stepping ~*~*~tactically~*~*~ (hiding).
 24881 | Spider:1 | Mangled by a deep elf knight

Levels and vault maps discovered:
D:1:      wander_arrival_estate, layout_basic
D:2:      minmay_chambers_of_ones, layout_loops_cross,
          hellmonk_ecumenical_altar_zigzags, minmay_liquid_box
D:3:      wander_river, layout_basic, portal_sewer_entry_f
D:4:      layout_loops_ring
D:5:      layout_basic, uniq_prince_ribbit1, uniq_crazy_yiuf_cottage,
          uniq_edmund
D:6:      layout_basic, nicolae_overflow_hallway_of_the_gods, serial_glass,
          glass_columns_a, glass_columns_c, grunt_potential
D:7:      layout_basic, minmay_temple_entry_trees, uniq_joseph, uniq_maggie,
          uniq_menkaure
D:8:      layout_cave_pods, uniq_maurice
D:9:      layout_rooms, minitemple, david_orc_2, serial_demonic,
          serial_demonic_d, serial_demonic_f, serial_demonic_b,
          serial_demonic_e, dreamdust_gnoll_shepherd
D:10:     layout_long_grid, uniq_urug
D:11:     layout_gridville, lair_entry_dummy, uniq_amaemon
D:12:     layout_loops_ring
D:13:     layout_big_octagon, ebering_ghost_reflecting_pool,
          nicolae_shop_self_help, uniq_frances
D:14:     layout_gridville, lightli_vaults_fourway_checkpoint
D:15:     grunt_enter_depths_magical_seal, layout_loops_ring, serial_shops,
          nicolae_shop_advertising_works [nicolae_subvault_shop_adworks],
          minmay_misc_feat_alley, uniq_rupert, uniq_louise
Temple:   hellmonk_temple_divided_pantheon
Lair:1:   layout_chaotic_city, basic_altar, grunt_forest_small_clearing_treed,
          infiniplex_staircase_pool_2
Lair:2:   minmay_guarded_unrand_snakebite, layout_loops_ring, uniq_gastronok
Lair:3:   layout_chaotic_city, minmay_shoals_entry_centaurs, dummy_spider_entry,
          amcnicky_altar_lugonu_corruption, grunt_megastairs_3
Lair:4:   layout_cave_pods, portal_ice_cave_entry_ice_simulacra, dpeg_oklob_1,
          grunt_megastairs_1
Lair:5:   hangedman_lair_tendril_chambers, layout_cave_pods,
          minmay_slime_entry_jelly_boxes, serial_bayou_shore_a,
          infiniplex_staircase_pool, uniq_sonja
Spider:1: layout_spider_delve, beargit_elvish_explorers
Orc:1:    layout_caves, basic_altar, serial_shops, shop, nooodl_orcs_dogs
Orc:2:    st_orc_rangers, layout_caves, serial_shops, nicolae_diamond_shop,
          basic_altar, led_sif_book

Skill      XL: |  1  2  3  4  5  6  7  8  9 10 11 12 13 14 15 16 |
---------------+-------------------------------------------------+-----
Axes           | 2 3 4 5 7 9 10 11 12 13 15 16 | 16.3
Fighting       | 4 5 6 7 9 10 11 13 14 | 14.0
Dodging        | 1 2 3 |  3.0
Shields        | 6 7 8 11 14 | 14.8
Throwing       | 2 3 4 6 7 |  7.3
Armour         | 4 6 7 9 10 | 10.0
Invocations    | 4 6 10 | 10.0

Action                   |  1- 3 |  4- 6 |  7- 9 | 10-12 | 13-15 | 16-18 || total
-------------------------+-------+-------+-------+-------+-------+-------++-------
Melee: War axe           |    93 |   297 |   282 |   597 |   871 |       ||  2140
       Broad axe         |       |       |       |       |   306 |   388 ||   694
Throw: Boomerang         |       |       |    26 |    58 |    42 |       ||   126
       Javelin           |       |       |       |    53 |   176 |    31 ||   260
Invok: Heroism           |       |       |       |    28 |    36 |    13 ||    77
       Finesse           |       |       |       |       |    11 |     3 ||    14
  Use: Scroll            |     4 |    11 |     9 |     9 |    12 |     2 ||    47
       Potion            |       |     1 |     2 |     1 |     2 |     1 ||     7
 Stab: Confused          |       |       |     2 |       |       |       ||     2
       Petrifying        |       |       |     1 |       |       |       ||     1
Armor: Scale mail        |    48 |   182 |   183 |   334 |   587 |   262 ||  1596
Dodge: Dodged            |    27 |   147 |   115 |   215 |   319 |   143 ||   966
Block: Buckler           |    20 |    75 |    52 |   115 |   164 |       ||   426
       Tower shield      |       |       |       |       |   127 |   525 ||   652

Table legend:
 A = Non-vault XP
 B = Vault XP
 C = Vault XP percentage of total XP
 D = Non-vault monster count
 E = Vault monster count
 F = Vault count percentage of total count
                 A         B        C        D         E       F
            +---------+---------+-------+---------+---------+-------
      Total |  104342 |   52911 |  33.6 |     569 |     258 |  31.2
            +---------+---------+-------+---------+---------+-------
        D:1 |      35 |       0 |   0.0 |      22 |       0 |   0.0
        D:2 |      65 |      15 |  18.8 |      22 |       7 |  24.1
        D:3 |      14 |       6 |  30.0 |       7 |       3 |  30.0
        D:4 |     256 |       0 |   0.0 |      26 |       0 |   0.0
        D:5 |     496 |     452 |  47.7 |      15 |       2 |  11.8
        D:6 |     658 |    1292 |  66.3 |      19 |      12 |  38.7
        D:7 |    1457 |     981 |  40.2 |      44 |       3 |   6.4
        D:8 |     888 |     496 |  35.8 |      18 |       1 |   5.3
        D:9 |    2311 |    4157 |  64.3 |      21 |      19 |  47.5
       D:10 |    1736 |     796 |  31.4 |      15 |       1 |   6.2
       D:11 |    4266 |    1187 |  21.8 |      16 |       2 |  11.1
       D:12 |    6586 |       0 |   0.0 |      30 |       0 |   0.0
       D:13 |   13104 |    1487 |  10.2 |      26 |       1 |   3.7
       D:14 |   10032 |    7482 |  42.7 |      19 |      11 |  36.7
       D:15 |    8172 |    7488 |  47.8 |      27 |      12 |  30.8
     Lair:1 |    6531 |       0 |   0.0 |      27 |       0 |   0.0
     Lair:2 |   12195 |    3099 |  20.3 |      29 |      11 |  27.5
     Lair:3 |    4218 |     594 |  12.3 |      22 |       5 |  18.5
     Lair:4 |    3990 |    2836 |  41.5 |      15 |      11 |  42.3
     Lair:5 |    6341 |   11241 |  63.9 |      26 |      51 |  66.2
   Spider:1 |   11552 |    1174 |   9.2 |      31 |       2 |   6.1
      Orc:1 |    5682 |    1360 |  19.3 |      51 |      12 |  19.0
      Orc:2 |    3757 |    6468 |  63.3 |      41 |      47 |  53.4
      Sewer |       0 |     300 | 100.0 |       0 |      45 | 100.0
            +---------+---------+-------+---------+---------+-------
